 Dungeon Crawl Stone Soup version 0.20-a0-77-g476458c (webtiles) character file.

6167 KristoblXynda the Cleaver (level 10, 0/73 HPs)
             Began as a Grey Draconian Skald on Nov 19, 2016.
             Was a Priest of Ashenzari.
             Killed from afar by Erica (29 damage)
             ... with a bolt of poison
             ... on level 9 of the Dungeon.
             The game lasted 00:22:53 (10115 turns).

KristoblXynda the Cleaver (Grey Draconian Skald)   Turns: 10115, Time: 00:22:54

Health: 0/73       AC: 16    Str: 23    XL:     10   Next: 60%
Magic:  11/13      EV: 23    Int: 15    God:    Ashenzari [***...]
Gold:   304        SH: 15    Dex: 21    Spells: 2 memorised, 7 levels left

rFire  + . .     SeeInvis +     C - +3 broad axe (venom) (curse)
rCold  . . .     Gourm    .     (armour unavailable)
rNeg   . . .     Faith    .     w - +2 shield (curse)
rPois  .         Spirit   .     (helmet restricted)
rElec  .         Reflect  .     B - +0 cloak {MR+} (curse)
rCorr  .         Harm     .     E - +0 pair of gloves (curse)
MR     ++...                    l - +1 pair of boots (curse)
Stlth  +++.......               x - amulet of magic regeneration (curse)
                                i - ring "Bonwyx" {*Corrode MR+ Str+5 Dex+6 Slay+3} (curse)
                                k - ring of protection from fire (curse)

@: agile, lethally poisoned (0 -> -1), regenerating
A: walk through water, unfitting armour, blurry vision 1, strong 1, unbreathing,
cold-blooded, AC +12
a: Curse Item, Scrying, Renounce Religion


You were on level 9 of the Dungeon.
You worshipped Ashenzari.
Ashenzari was most pleased with you.
You were not hungry.

You visited 2 branches of the dungeon, and saw 10 of its levels.
You also visited: Sewer.

You collected 650 gold pieces.
You spent 346 gold pieces at shops.

Inventory:

Hand Weapons
 C - a cursed +3 broad axe of venom (weapon)
Missiles
 v - 6 javelins of returning (quivered)
 A - 7 javelins
Armour
 l - a cursed +1 pair of boots (worn)
 w - a cursed +2 shield (worn)
 B - a cursed +0 cloak of magic resistance (worn)
 E - a cursed +0 pair of gloves (worn)
Jewellery
 i - the cursed ring "Bonwyx" (right hand) {*Corrode MR+ Str+5 Dex+6 Slay+3}
   (You found it on level 7 of the Dungeon)

   [ring of protection from magic]

   It affects your strength (+5).
   It affects your dexterity (+6).
   It affects your accuracy and damage with ranged weapons and melee attacks
   (+3).
   It affects your resistance to hostile enchantments.
   It may corrode you when you take damage.
   It has a curse placed upon it.
 k - a cursed ring of protection from fire (left hand)
 x - a cursed amulet of magic regeneration (around neck)
Wands
 d - a wand of slowing (25/48)
 s - a wand of teleportation (3/9)
 y - a wand of paralysis (9/24)
Scrolls
 m - 6 scrolls of magic mapping
 n - a scroll of immolation
 o - a scroll of fear
 p - 2 scrolls of amnesia
 t - 4 scrolls of identify
 z - 4 scrolls of remove curse
Potions
 e - a potion of magic
 j - a potion of flight
 q - 3 potions of curing
Books
 b - a book of Battle

   Spells                             Type                      Level
   a - Infusion                       Charms                       1
   b - Shroud of Golubria             Charms/Translocation         2
   c - Song of Slaying                Charms                       2
   d - Spectral Weapon                Hexes/Charms                 3
   e - Regeneration                   Charms/Necromancy            3
 g - a book of Flames

   Spells                             Type                      Level
   a - Flame Tongue                   Conjuration/Fire             1
   b - Throw Flame                    Conjuration/Fire             2
   c - Conjure Flame                  Conjuration/Fire             3
   d - Inner Flame                    Hexes/Fire                   3
   e - Sticky Flame                   Conjuration/Fire             4
   f - Fireball                       Conjuration/Fire             5
 r - a book of Cantrips

   Spells                             Type                      Level
   a - Confusing Touch                Hexes                        1
   b - Animate Skeleton               Necromancy                   1
   c - Summon Small Mammal            Summoning                    1
   d - Apportation                    Translocation                1
 F - a book of Necromancy

   Spells                             Type                      Level
   a - Pain                           Necromancy                   1
   b - Animate Skeleton               Necromancy                   1
   c - Vampiric Draining              Necromancy                   3
   d - Regeneration                   Charms/Necromancy            3
   e - Animate Dead                   Necromancy                   4
   f - Control Undead                 Necromancy                   4
Miscellaneous
 f - a disc of storms
Comestibles
 a - a meat ration
 c - 3 bread rations
 h - a fruit


   Skills:
 - Level 2.1 Fighting
 + Level 9.6(12.3) Axes
 - Level 6.5(8.4) Dodging
 * Level 7.3(9.3) Shields
 - Level 2.0 Spellcasting
 + Level 3.0(5.5) Hexes
 - Level 6.1(9.1) Charms
 - Level 4.1(6.8) Necromancy


You had 7 spell levels left.
You knew the following spells:

 Your Spells              Type           Power        Failure   Level  Hunger
a - Regeneration          Chrm/Necr      ####......   6%          3    ###....
b - Spectral Weapon       Hex/Chrm       ###.....     10%         3    ###....


Dungeon Overview and Level Annotations

Branches:
Dungeon (9/15)             Temple (1/1) D:7             Orc (0/2) D:9
   Lair: D:8-11

Altars:
Ashenzari
Cheibriados
Dithmenos
Elyvilon
Fedhas
Gozag
Hepliaklqana
Kikubaaqudgha
Makhleb
Nemelex Xobeh
Okawaru
Qazlal
Ru
Sif Muna
Trog
Uskayaw
Vehumet
Xom
Yredelemnul
The Shining One

Shops:
D:8 ?[[

Annotations:
D:9 Erica


Innate Abilities, Weirdness & Mutations

You can walk through water.
Your dull iron-grey scales are very hard. (AC +12)
You cannot fit into any form of body armour.
You can survive without breathing.
You are cold-blooded and may be slowed by cold attacks.
Scrolls take you a little longer to read.
Your muscles are strong. (Str +2)


Message History

Erica zaps a wand.
The bolt of lightning misses you.
You feel agile all of a sudden. Erica gestures at you while chanting.
You resist with almost no effort.
Casting: Regeneration
Confirm with . or Enter, or press ? or * to list all spells.
Your skin crawls.
Erica closely misses you.
You closely miss Erica.
Erica hits you with a scimitar of flaming.
You slice Erica!! You tail-slap Erica!
Erica is heavily wounded.
Erica zaps a wand.
The bolt of lightning misses you.
Erica zaps a wand.
The bolt of lightning hits you!
You hit Erica.
Erica is poisoned.
Erica is heavily wounded.
Erica gestures at you while chanting. The bolt of poison hits you!
You are poisoned.
You die...

..##.# , , , ,.... ,...#
..##.#, , ,,,... , ...##
.....# , * *#.. ......
#..#.# , , #.# ......*
.....#####,, #.###......
..8......# #..........
.........# #..........
.........##* #........#*
..........## #@.......#
..>.....8..#####@#+#+#+##
.........@..........>#,*
*
.........#.####.........
, * ...).....#.#
##.#.....# ..8......#.#
#.#.#.### .....#####.#
#.#.#.# * * * ##....#
*#.#***#.# #,# *#....#
*#.#* ,..# * * *


You could see Erica.

Vanquished Creatures
  The ghost of KristoblXynda the Covert, a novice NaMo of Cheibriados (D:8)
  The ghost of KristoblXynda the Conjurer, a novice DrCj (D:7)
  The ghost of KristoblXynda the Chopper, a novice DrSk of Ashenzari (D:5)
  The ghost of Nuatha the Slasher, a novice DsGl (D:6)
  A troll (D:9)
  The ghost of KristoblXynda the Chopper, an amateur DrSk of Uskayaw (D:4)
  A hippogriff (D:6)
  A hill giant zombie (D:9)
  Duvessa (D:6)
  Purgy (D:3)
  An ice beast (D:5)
  2 sky beasts
  3 phantoms (D:9)
  2 orc warriors
  The ghost of KristoblXynda the Chopper, an amateur DrSk of Ashenzari (Sewer)
  4 ogres
  5 centaurs
  A big kobold (D:8)
  6 bullfrogs
  Dowan (D:6)
  2 troll zombies (D:9)
  2 bullfrog zombies (D:7)
  4 crimson imps
  3 hounds
  A centaur zombie (D:5)
  A centaur skeleton (D:6)
  3 orc priests
  A bullfrog skeleton (D:7)
  Crazy Yiuf (D:7)
  A jelly (D:5)
  4 orc wizards
  4 iguanas
  8 worker ants
  A killer bee zombie (D:5)
  5 ogre zombies (D:9)
  A hound skeleton (D:6)
  A worker ant zombie (D:6)
  8 gnolls
  13 adders
  A river rat (D:3)
  An ooze (D:6)
  4 worms
  3 dart slugs
  12 leopard geckos
  23 orcs
  2 ball pythons
  6 bats
  13 giant cockroaches
  6 goblins
  9 hobgoblins
  7 jackals
  12 kobolds
  5 quokkas
  7 frilled lizards
  2 goblin skeletons (D:9)
  3 goblin zombies (D:9)
  3 hobgoblin zombies (D:9)
  2 leopard gecko skeletons
  4 orc skeletons (D:9)
  13 orc zombies (D:9)
  A quokka skeleton (D:5)
  10 rats
249 creatures vanquished.

Vanquished Creatures (others)
  An adder (D:7)
1 creature vanquished.

Grand Total: 250 creatures vanquished

Notes
Turn   | Place    | Note
-------+----------+-------------------------------------------
     0 | D:1      | KristoblXynda the Draconian Skald began the quest for the Orb.
     0 | D:1      | Reached XP level 1. HP: 17/17 MP: 3/3
   228 | D:1      | Reached XP level 2. HP: 19/24 MP: 5/5
   626 | D:2      | Reached XP level 3. HP: 24/29 MP: 6/6
   856 | D:2      | Found an iron altar of Okawaru.
   856 | D:2      | Found a radiant altar of Vehumet.
   883 | D:2      | Found a shattered altar of Ashenzari.
   914 | D:2      | Became a worshipper of Ashenzari the Shackled
  1321 | D:2      | Reached skill level 3 in Axes
  1325 | D:2      | Reached XP level 4. HP: 34/36 MP: 7/7
  1551 | D:3      | Found a glowing drain.
  1572 | Sewer    | Entered a sewer
  1572 | Sewer    | Noticed KristoblXynda's ghost (amateur DrSk)
  1609 | Sewer    | Killed KristoblXynda's ghost
  1609 | Sewer    | Reached XP level 5. HP: 8/41 MP: 8/8
  2214 | Sewer    | Noticed Purgy
  2261 | D:3      | Killed Purgy
  2261 | D:3      | Reached skill level 4 in Axes
  2261 | D:3      | Reached XP level 6. HP: 5/48 MP: 9/9
  3541 | D:3      | Found a blossoming altar of Fedhas.
  3877 | D:4      | Reached * piety under Ashenzari
  3997 | D:4      | Found a shadowy altar of Dithmenos.
  4166 | D:4      | Noticed KristoblXynda's ghost (amateur DrSk)
  4199 | D:4      | Killed KristoblXynda's ghost
  4199 | D:4      | Reached skill level 5 in Axes
  4199 | D:4      | Your scales start taking on a dull iron-grey colour.
  4199 | D:4      | Reached XP level 7. HP: 17/55 MP: 10/10
  4199 | D:4      | Gained mutation: You can survive without breathing. [Grey Draconian growth]
  4419 | D:4      | Learned a level 3 spell: Regeneration
  4423 | D:4      | Learned a level 3 spell: Spectral Weapon
  4482 | D:4      | Reached skill level 5 in Dodging
  4880 | D:5      | Entered Level 5 of the Dungeon
  5444 | D:5      | Reached skill level 6 in Axes
  5455 | D:5      | Reached XP level 8. HP: 29/61 MP: 11/11
  5793 | D:5      | Identified a scroll of acquirement
  5879 | D:5      | Reached skill level 5 in Charms
  6075 | D:5      | Noticed KristoblXynda's ghost (novice DrSk)
  6246 | D:5      | Killed KristoblXynda's ghost
  6246 | D:5      | Reached skill level 7 in Axes
  6626 | D:6      | Noticed a hippogriff
  6632 | D:6      | Killed a hippogriff
  6632 | D:6      | Reached skill level 1 in Shields
  6632 | D:6      | Reached XP level 9. HP: 54/67 MP: 12/12
  6648 | D:6      | Reached ** piety under Ashenzari
  6702 | D:6      | Noticed Nuatha's ghost (novice DsGl)
  6746 | D:6      | Noticed Duvessa
  6748 | D:6      | Noticed Dowan
  6762 | D:6      | Killed Duvessa
  6762 | D:6      | Reached skill level 1 in Necromancy
  6776 | D:6      | Killed Dowan
  7174 | D:6      | Found a bloodstained altar of Trog.
  7538 | D:6      | Gained mutation: Your muscles are strong. (Str +2) [mutagenic meat]
  7539 | D:6      | Gained mutation: Scrolls take you a little longer to read. [mutagenic meat]
  7786 | D:6      | Killed Nuatha's ghost
  7786 | D:6      | Reached skill level 8 in Axes
  8063 | D:7      | Identified the ring "Bonwyx" {*Corrode MR+ Str+5 Dex+6 Slay+3}
  8075 | D:7      | Noticed KristoblXynda's ghost (novice DrCj)
  8092 | D:7      | Killed KristoblXynda's ghost
  8446 | D:7      | Found a staircase to the Ecumenical Temple.
  8460 | Temple   | Entered the Ecumenical Temple
  8697 | D:7      | Reached skill level 5 in Shields
  8770 | D:7      | Identified the +7 mace of the Evil Eye {crush, rElec Dex-3 SInv Stlth+}
  8770 | D:7      | Found a runed door.
  8773 | D:7      | Identified the cursed +0 mace of Quixt {pain, rPois Str+2}
  8775 | D:7      | Identified the +3 mace of Discomfort {chaos, Int+4 Dex+5}
  8792 | D:7      | Noticed Crazy Yiuf
  8803 | D:7      | Killed Crazy Yiuf
  8856 | D:7      | Identified the cursed +0 mace of Okawaru's Regard {crush, rElec Stlth+}
  8946 | D:7      | Found a hide-covered altar of Uskayaw.
  9003 | D:8      | Found Paholo's Magic Scroll Shoppe.
  9014 | D:8      | Reached *** piety under Ashenzari
  9048 | D:8      | Noticed KristoblXynda's ghost (novice NaMo)
  9070 | D:8      | Killed KristoblXynda's ghost
  9070 | D:8      | Reached skill level 9 in Axes
  9070 | D:8      | Reached skill level 1 in Hexes
  9070 | D:8      | Reached XP level 10. HP: 73/73 MP: 13/13
  9304 | D:8      | Identified the +5 trident "Rosagoigys" {pierce, Int+6}
  9347 | D:8      | Found Gulali's Antique Armour Shoppe.
  9356 | D:8      | Bought a runed cloak for 304 gold pieces
  9387 | D:8      | Found Toeberasy's Armour Shop.
  9393 | D:8      | Bought a cursed +0 pair of gloves for 42 gold pieces
  9782 | D:9      | Found a staircase to the Orcish Mines.
 10080 | D:9      | Noticed Erica
 10115 | D:9      | Killed from afar by Erica

Vault maps used:
D:1:      onia_arrival_mini_spirals
D:2:      gammafunk_temple_overflow_pools, evilmike_ruin_ashenzari,
          serial_bayou_pond_b
D:3:      minmay_wonky_spiral, marbit_many_paths, gup_sewer_entry_bubbles
D:4:      nicolae_overflow_crystal_walls, minmay_statues_item
D:5:      kennysheep_windowed_halls, first_bread
D:6:      trog_hazing_becter, uniq_duvessa
D:7:      nicolae_overflow_hidden_temple, uniq_crazy_yiuf_cottage
D:8:      serial_shops, kennysheep_mini, shop, shop
D:9:      zombieorc2_lemuel, kennysheep_boxes, uniq_erica
Temple:   minmay_temple_curvy_branch
Sewer:    kennysheep_door_sewer

Skill      XL: |  1  2  3  4  5  6  7  8  9 10 |
---------------+-------------------------------+-----
Charms         | 3 4 6 |  6.1
Dodging        | 2 3 4 5 6 |  6.5
Axes           | 3 4 5 6 7 9 |  9.6
Shields        | 1 5 7 |  7.3
Necromancy     | 4 |  4.1
Hexes          | 1 3 |  3.0
Fighting       | |  2.1
Spellcasting   | |  2.0

Action                   |  1- 3 |  4- 6 |  7- 9 | 10-12 || total
-------------------------+-------+-------+-------+-------++-------
Melee: Hand axe          |   115 |   169 |    52 |       ||   336
       Tailslap          |    14 |    17 |    50 |    17 ||    98
       Lajatang          |       |    61 |       |       ||    61
       War axe           |       |       |    42 |       ||    42
       Broad axe         |       |       |   346 |   115 ||   461
 Cast: Regeneration      |       |       |       |     1 ||     1
Invok: Curse Item        |     1 |     1 |     4 |       ||     6
Evoke: Wand              |       |     3 |     6 |       ||     9
  Use: Scroll            |     4 |     9 |    14 |     1 ||    28
       Potion            |       |     5 |     8 |     1 ||    14
 Stab: Sleeping          |     1 |     1 |     1 |       ||     3
       Paralysed         |       |       |     2 |       ||     2
  Eat: Chunk             |     1 |     8 |     7 |     2 ||    18
       Beef jerky        |       |     1 |       |     1 ||     2
       Meat ration       |       |       |     1 |       ||     1
       Bread ration      |       |       |     2 |       ||     2
Armor: Skin              |    36 |    92 |   163 |    26 ||   317
Dodge: Dodged            |    85 |   213 |   264 |    64 ||   626
Block: Shield            |       |       |   131 |    76 ||   207
